 Dungeon Crawl Stone Soup version 0.30.1 (webtiles) character file.

Game seed: 2161521687731872600

105 cdecastro the Magician (level 5, -4/38 HPs)
             Began as a Djinni Ice Elementalist on July 10, 2023.
             Slain by a gnoll
             ... wielding a +0 halberd
              (12 damage)
             ... on level 3 of the Dungeon.
             The game lasted 00:05:37 (2417 turns).

cdecastro the Magician (Djinni Ice Elementalist)    Turns: 2417, Time: 00:05:38

Health: -4/38      AC:  6    Str:  7    XL:     5   Next: 8%
Gold:   110        EV: 12    Int: 18    God:
                   SH:  5    Dex: 14

rFire   + + .        r - +0 whip (venom)
rCold   x . .        (no shield)
rNeg    + . .        a - +0 robe
rPois   ∞            (no helmet)
rElec   .            j - +0 cloak
rCorr   .            c - +2 pair of gloves
SInv    .            (boots unavailable)
Will    .....        k - amulet of reflection
Stlth   ++           h - ring of positive energy
HPRegen 0.26/turn    (no ring)
MPRegen 0.00/turn

%: reflection, infuse magic (-5 HP)
@: freezing walls, flying
A: sickness immunity, fire resistance 2, cold vulnerability 1, float, innate
caster, HP casting, extra vitality 1
a: no special abilities


You were on level 3 of the Dungeon.
You visited 1 branch of the dungeon, and saw 3 of its levels.

You collected 110 gold pieces.

Inventory:

Hand Weapons
 o - a +3 whip
 r - a +0 whip of venom (weapon)
Missiles
 p - 2 poisoned darts
 q - 5 atropa-tipped darts
Armour
 a - a +0 robe (worn)
 c - a +2 pair of gloves (worn)
 j - a +0 cloak (worn)
Jewellery
 h - a ring of positive energy (left hand)
 k - an amulet of reflection (around neck)
Wands
 u - a wand of iceblast (11)
Scrolls
 b - 3 scrolls of identify {unknown}
 d - a scroll of noise {unknown}
 e - a scroll of fog {unknown}
 g - 5 scrolls of teleportation {unknown}
 n - a scroll of vulnerability {unknown}
 s - a scroll of enchant weapon {unknown}
 t - a scroll of poison {unknown}
Potions
 f - a potion of lignification {unknown}
 i - 3 potions of haste {unknown}
 l - a potion of curing {unknown}
 m - 2 potions of heal wounds {unknown}


   Skills:
 + Level 2.1 Fighting
 - Level 2.1 Dodging
 - Level 1.5 Stealth
 * Level 4.3 Spellcasting


You knew the following spells:

 Your Spells              Type           Power      Damage    Failure   Level
a - Freeze                Ice            76%        1d8       2%          1
b - Frozen Ramparts       Ice            38%        1d6       7%          3
c - Ozocubu's Armour      Ice            19%        N/A       7%          3
d - Summon Ice Beast      Ice/Summ       19%        N/A       24%         4
e - Shock                 Conj/Air       76%        1d7       2%          1
f - Call Imp              Summ           38%        N/A       3%          2
Your spell library was empty.

Dungeon Overview and Level Annotations

Branches:
Dungeon (3/15)

Altars:
Fedhas
Qazlal
Zin

Shops:
D:1 =


Innate Abilities, Weirdness & Mutations

You are immune to sickness and miasma.
You are immune to poison.
Your flesh is very heat resistant. (rF++)
You are vulnerable to cold. (rC-)
You float through the air rather than walking.
You learn spells naturally, not from books.
Your magical power is your life essence.
You have superior vitality. (+4 MHP)


Message History

You freeze the gnoll.
The gnoll is moderately wounded.
The gnoll hits you with a +0 club.
The gnoll hits you from afar with a +0 halberd.
Unknown command.
The gnoll attacks as you move away! You block the gnoll's attack.
The gnoll attacks as you move away! The gnoll hits you with a +0 club.
The gnoll attacks as you move away! The gnoll hits you with a +0 club.
Casting: Freeze (safe; 2% risk of failure)
Confirm with . or Enter, or press ? or * to list all spells.
The spell is quite dangerous to miscast (8% risk of failure)!
Continue anyway?
Casting: Frozen Ramparts (quite dangerous; 8% risk of failure)
Press: ? - help, Dir - look around, f - activate The walls around you are covered in ice.
The wall freezes the gnoll.
The gnoll barely misses you.
The wall freezes the gnoll but does no damage.
The gnoll closely misses you.
Unknown command.
The wall freezes the gnoll. x2; The gnoll hits you with a +0 club.
* * * LOW HITPOINT WARNING * * *
The wall freezes the gnoll.
The gnoll hits you from afar with a +0 halberd.
* * * LOW HITPOINT WARNING * * *
Unknown command.
You hit the gnoll.
You kill the gnoll!
The wall freezes the gnoll.
The gnoll closely misses you.
The wall freezes the gnoll but does no damage.
You have reached level 5!
The power to cast Call Imp wells up from within.
Spell assigned to 'f'.
The wall freezes the gnoll.
The gnoll closely misses you.
The wall freezes the gnoll.
Unknown command.
The wall freezes the gnoll.
The gnoll closely misses you.
The wall freezes the gnoll.
Unknown command.
The wall freezes the gnoll.
The gnoll hits you from afar with a +0 halberd!
You die...

####.#############
######>...########
#.........[.......
#.####.#########..
#.# ##.########
###.###..........
#..^.............
######...........
#.#@######## #.#)#
#.#g########
#.#g........
#.#..#######
#.##....g#
#.######.## #..###
##...#


You could see 2 gnolls.

Vanquished Creatures
  2 gnolls
  3 adders (D:2)
  A worm (D:2)
  A dart slug (D:1)
  5 endoplasms
  5 giant cockroaches
  7 goblins
  5 hobgoblins
  2 jackals (D:1)
  3 kobolds (D:1)
  4 ball pythons (D:1)
  4 bats
  5 frilled lizards
  7 rats
54 creatures vanquished.

Notes
Turn   | Place    | Note
-------+----------+-------------------------------------------
     0 | D:1      | cdecastro the Djinni Ice Elementalist began the quest for
                  | the Orb.
     0 | D:1      | cdecastro set off with the following spells memorised:
                  | Freeze, Frozen Ramparts, Ozocubu's Armour, Summon Ice
                  | Beast.
     0 | D:1      | Reached XP level 1. HP: 15/15 MP: 0/0
    76 | D:1      | Reached XP level 2. HP: 11/22 MP: 0/0
   227 | D:1      | Found Wiyli's One-of-a-Kind Rings.
   286 | D:1      | Reached skill level 1 in Fighting
   366 | D:1      | Reached XP level 3. HP: 20/27 MP: 0/0
   366 | D:1      | Learned a level 1 spell: Shock
   485 | D:1      | Found a faded altar of an unknown god.
   890 | D:2      | Reached XP level 4. HP: 24/32 MP: 0/0
   940 | D:2      | Reached skill level 4 in Spellcasting
  2134 | D:3      | Found a stormy altar of Qazlal.
  2205 | D:3      | Found a blossoming altar of Fedhas.
  2208 | D:3      | Found a glowing silver altar of Zin.
  2415 | D:3      | Reached XP level 5. HP: 7/38 MP: 0/0
  2415 | D:3      | Learned a level 2 spell: Call Imp
  2417 | D:3      | Slain by a gnoll

Illustrated notes

Levels and vault maps discovered:
D:1:      ldierk_walled_garden_2, layout_basic,
          shapermc_ecumenical_altar_totnotflames, nicolae_shop_unique_rings,
          minivault_4, chequers_jeans, minmay_misc_feat_chi
D:2:      layout_loops_ring, serial_co_window_serial, co_window_paths_b,
          co_window_paths_a, co_window_paths_a, co_window_paths_a,
          co_window_paths_a, co_window_broadway_b, co_window_corner_b,
          co_window_broadway_c, co_window_corner_b, co_window_paths_e,
          glass_columns_a, glass_columns_a, glass_columns_a, glass_columns_b
D:3:      layout_basic, mainiacjoe_overflow_24_doors,
          nicolae_overflow_hidden_temple

Skill      XL: |  1  2  3  4 |
---------------+-------------+-----
Fighting       | 1 2 |  2.1
Spellcasting   | 4 |  4.3
Dodging        | |  2.1
Stealth        | |  1.5

Action                     |  1- 3 |  4- 6 || total
---------------------------+-------+-------++-------
  Melee: Unarmed           |     4 |     2 ||     6
         Whip              |       |     8 ||     8
   Cast: Freeze            |    51 |    35 ||    86
         Frozen Ramparts   |       |     1 ||     1
   Stab: Sleeping          |       |     1 ||     1
 Armour: Robe              |    14 |    11 ||    25
  Dodge: Dodged            |    21 |    21 ||    42
  Block: Other             |       |     7 ||     7
         Reflection        |       |     1 ||     1
